 Dungeon Crawl Stone Soup version 0.31-a0-229-g1fc7ce93e2 (webtiles) character file.

Game seed: 10015188599567144235

191 qw the Shooter (level 5, -2/45 HPs)
             Began as a Minotaur Hexslinger on July 6, 2023.
             Slain by Sigmund
             ... wielding a +0 scythe
              (7 damage)
             ... on level 5 of the Dungeon.
             The game lasted 00:00:57 (1870 turns).

qw the Shooter (Minotaur Hexslinger)                Turns: 1870, Time: 00:00:58

Health: -2/45      AC:  7    Str: 12    XL:     5   Next: 41%
Magic:  5/5        EV: 11    Int: 10    God:
Gold:   164        SH:  0    Dex: 15    Spells: 5/6 levels left

rFire   + . .        Y - +2 sling
rCold   . . .        (no shield)
rNeg    . . .        d - +0 ring mail
rPois   .            (helmet restricted)
rElec   .            e - +0 cloak
rCorr   .            (no gloves)
SInv    .            f - +0 pair of boots
Will    .....        (no amulet)
Stlth   +            j - ring of protection from fire
HPRegen 0.27/turn    (no ring)
MPRegen 0.09/turn

%: no passive effects
@: no status effects
A: horns 2, retaliatory headbutt
a: no special abilities


You were on level 5 of the Dungeon.
You visited 1 branch of the dungeon, and saw 4 of its levels.

You collected 164 gold pieces.


Innate Abilities, Weirdness & Mutations

You have a pair of horns on your head.
You reflexively headbutt those who attack you in melee.


   Skills:
 - Level 3.6 Fighting
 + Level 5.2 Ranged Weapons
 - Level 1.0 Armour
 - Level 2.1 Dodging
 - Level 1.0 Spellcasting
 - Level 2.0 Hexes


You had 5 spell levels left.
You knew the following spells:

 Your Spells              Type           Power      Damage    Failure   Level
a - Slow                  Hex            16%        N/A       34%         1

Your spell library contained the following spells:

 Spells                   Type           Power      Damage    Failure   Level
 Inner Flame              Hex/Fire       2%         N/A       83%         3
 Portal Projectile        Hex/Tloc       4%         N/A       83%         3
 Cause Fear               Hex            2%         N/A       98%         4

Inventory:

Hand Weapons
 Y - a +2 sling (weapon)
Armour
 d - a +0 ring mail (worn)
 e - a +0 cloak (worn)
 f - a +0 pair of boots (worn)
 i - a +1 pair of boots
Jewellery
 j - a ring of protection from fire (left hand)
Scrolls
 c - a scroll of identify
 g - a scroll of teleportation
Potions
 a - a potion of brilliance {unknown}
 b - a potion of enlightenment {unknown}
 h - a potion of curing

Dungeon Overview and Level Annotations

Branches:
Dungeon (3/15)

Altars:

Shops:
D:5 =

Annotations:
D:5 Sigmund


Message History

You shoot a sling bullet.
The sling bullet barely misses the hound.
The hound closely misses you. Something hits you but does no damage.
You shoot a sling bullet.
The sling bullet closely misses the hound.
The hound bites you but does no damage. x2
You shoot a sling bullet.
The sling bullet closely misses the hound.
The hound bites you. Something hits you. The hound closely misses you.
You shoot a sling bullet. The sling bullet hits the hound.
The hound is severely wounded.
The hound misses you. You furiously retaliate!
You headbutt the hound.
You kill the hound!
Something hits you.
Your Fighting skill increases to level 3!
You shoot a sling bullet.
You hear some strange, mumbled words.
A puff of flame appears from out of thin air!
The puff of flame hits you. You resist.
You shoot a sling bullet. Something hits you!
You shoot a sling bullet. Something completely misses you.
You shoot a sling bullet. Something hits you but does no damage.
You shoot a sling bullet. You shoot a sling bullet. Something hits you!
You shoot a sling bullet. Something hits you.
You shoot a sling bullet. Something hits you but does no damage.
You shoot a sling bullet. Something hits you but does no damage.
You shoot a sling bullet. Something hits you!
You shoot a sling bullet. You shoot a sling bullet. Something hits you!
You die...

....#.#.#....##
....#.#.##.#.....
....#.#.##.#.(#.####.
....#.#.##.#<.#.....
....#.#.##.#..#...# ##
....'.#.##.#..#...# ..
#...###.##.##.#...#.####
........................
#######.##.#....@...#
#.##.######%.##
#.........#{\...
#.#######.#.#.#.# #.#
.....# #.# .# ### #.# .#
#.# .# #.#


There were no monsters in sight!

Vanquished Creatures
  A hound (D:5)
  A jelly (D:5)
  2 orc wizards (D:5)
  A worm (D:3)
  A dart slug (D:1)
  3 orcs (D:5)
  10 bats
  3 endoplasms
  2 giant cockroaches (D:2)
  7 goblins
  7 hobgoblins
  6 jackals
  A quokka (D:1)
  10 ball pythons
  3 frilled lizards
  6 kobolds
  3 rats
67 creatures vanquished.

Notes
Turn   | Place    | Note
-------+----------+-------------------------------------------
     0 | D:1      | qw the Minotaur Hexslinger began the quest for the Orb.
     0 | D:1      | Reached XP level 1. HP: 16/16 MP: 1/1
     0 | D:1      | 0 ||| qw: Version: 0.3-a-46-gb1f654a
     0 | D:1      | 0 ||| qw: Game counter: 1425
     0 | D:1      | 0 ||| qw: Melee chars always use a shield: true
     0 | D:1      | 0 ||| qw: God list: Okawaru
     0 | D:1      | 0 ||| qw: Allow faded altars: false
     0 | D:1      | 0 ||| qw: Do Orc after clearing Dungeon:15 true
     0 | D:1      | 0 ||| qw: Do second Lair branch before Depths: true
     0 | D:1      | 0 ||| qw: Lair rune preference: random
     0 | D:1      | 0 ||| qw: Goals: Normal
     0 | D:1      | 0 ||| PLANNING D:1-11
    79 | D:1      | Reached skill level 3 in Ranged Weapons
    79 | D:1      | Reached XP level 2. HP: 23/23 MP: 2/2
   217 | D:1      | 217 ||| FLEEEEING.
   218 | D:1      | 218 ||| FLEEEEING.
   219 | D:1      | 219 ||| FLEEEEING.
   492 | D:1      | Reached XP level 3. HP: 27/29 MP: 3/3
   666 | D:1      | 666 ||| UPGRADING to +0 pair of boots.
   671 | D:1      | 671 ||| UPGRADING to +0 leather armour.
   681 | D:1      | 681 ||| DROPPING +0 robe.
   682 | D:1      | 682 ||| DROPPING ring of magical power.
   683 | D:1      | 683 ||| READING scroll labelled QUIHYMAKHE.
   684 | D:1      | 684 ||| READING scroll labelled UNNION DIARO.
   685 | D:1      | 685 ||| READING scroll labelled USIMNA XYIMM.
   686 | D:1      | 686 ||| READING scroll labelled OTTOLIV ARATE.
   687 | D:1      | 687 ||| DRINKING 2 lumpy black potions.
   688 | D:1      | 688 ||| DROPPING scroll of poison.
   873 | D:2      | Reached skill level 4 in Ranged Weapons
  1159 | D:2      | 1159 ||| UPGRADING to +0 ring mail.
  1169 | D:2      | 1169 ||| UPGRADING to +0 cloak.
  1174 | D:2      | 1174 ||| DROPPING +0 leather armour.
  1175 | D:2      | 1175 ||| UPGRADING to ring of protection from fire.
  1176 | D:2      | 1176 ||| READING scroll labelled IWUJ GOMOCRITU.
  1177 | D:2      | 1177 ||| READING scroll labelled LOLUC TA CAW.
  1178 | D:2      | 1178 ||| READING scroll labelled AHELIDYSOI.
  1182 | D:2      | 1182 ||| READING scroll labelled TEZIRH SOCW.
  1424 | D:3      | Reached XP level 4. HP: 36/36 MP: 4/4
  1443 | D:3      | Reached skill level 1 in Armour
  1684 | D:3      | You fall into a shaft and drop 2 floors!
  1684 | D:5      | Entered Level 5 of the Dungeon
  1718 | D:5      | Reached skill level 5 in Ranged Weapons
  1827 | D:5      | Reached XP level 5. HP: 44/44 MP: 5/5
  1843 | D:5      | Found Iklob's Jewellery Shoppe.
  1846 | D:5      | Noticed Sigmund
  1859 | D:5      | Reached skill level 3 in Fighting
  1865 | D:5      | HP: 11/45 [something (1)]
  1868 | D:5      | HP: 4/45 [something (8)]
  1870 | D:5      | Slain by Sigmund

Levels and vault maps discovered:
D:1:      giann_bridges, layout_basic, kennysheep_decorative_pillar,
          minmay_circled_x
D:2:      layout_basic, minmay_circle_x
D:3:      layout_basic
D:5:      layout_basic, minmay_temple_entry_fiery, serial_shops, shop,
          minmay_manual_maat, uniq_blork_the_orc, uniq_duvessa, uniq_sigmund

Skill      XL: |  1  2  3  4  5 |
---------------+----------------+-----
Ranged Weapons | 3 4 5 |  5.2
Fighting       | 2 3 |  3.6
Armour         | 1 |  1.0
Dodging        | |  2.1
Spellcasting   | |  1.0
Hexes          | |  2.0

Action                     |  1- 3 |  4- 6 || total
---------------------------+-------+-------++-------
   Fire: Sling             |   169 |    66 ||   235
    Use: Scroll            |     8 |       ||     8
         Potion            |     1 |       ||     1
 Armour: Robe              |    12 |       ||    12
         Leather armour    |    12 |       ||    12
         Ring mail         |       |    42 ||    42
  Dodge: Dodged            |    64 |    15 ||    79

Table legend:
 A = Non-vault XP
 B = Vault XP
 C = Vault XP percentage of total XP
 D = Non-vault monster count
 E = Vault monster count
 F = Vault count percentage of total count
                 A         B        C        D         E       F
            +---------+---------+-------+---------+---------+-------
      Total |     258 |      15 |   5.5 |      59 |       8 |  11.9
            +---------+---------+-------+---------+---------+-------
        D:1 |      44 |       7 |  13.7 |      26 |       4 |  13.3
        D:2 |      29 |       8 |  21.6 |      18 |       4 |  18.2
        D:3 |      15 |       0 |   0.0 |       8 |       0 |   0.0
        D:5 |     170 |       0 |   0.0 |       7 |       0 |   0.0
            +---------+---------+-------+---------+---------+-------
